MAA
VILLA RIDGE BRONCHOS @ PORTSMOUTH COASTIES
08/12/2018
 
TOP OF THE 1ST
Villa Ridge Bronchos batting - Pitching for Portsmouth Coasties : RHP Luis Oliva
Pitching: RHP Luis Oliva
Batting: RHB Augusto Flores 0-0: Called Strike
0-1: Ball
1-1: Foul Ball, location: 2F
1-2: Strikes out swinging
Batting: SHB Ken Osborne 0-0: Ball
1-0: Called Strike
1-1: Fly out, F7 (Flyball, 78M)
Batting: LHB Ray Schneider 0-0: Called Strike
0-1: Ball
1-1: Foul Ball, location: 2F
1-2: Strikes out swinging
Top of the 1st over - 0 run(s), 0 hit(s), 0 error(s), 0 left on base; Villa Ridge 0 - Portsmouth 0
BOTTOM OF THE 1ST
Portsmouth Coasties batting - Pitching for Villa Ridge Bronchos : RHP Jim Unknown
Pitching: RHP Jim Unknown
Batting: RHB José Masaferro 0-0: Called Strike
0-1: Ball
1-1: Ball
2-1: Ball
3-1: Base on Balls
Batting: LHB Tom McCain 0-0: Ball
1-0: Ball
2-0: Called Strike
2-1: Ball
3-1: Called Strike
3-2: Base on Balls
José Masaferro to second
Batting: RHB Seth Varela 0-0: Called Strike
0-1: Foul Ball, location: 2F
0-2: Ball
1-2: Foul Ball, location: 2F
1-2: DOUBLE (Line Drive, 7LS)
José Masaferro scores
Tom McCain to third
Batting: RHB Juan Jose Díaz 0-0: Fly out, F7 (Flyball, 78M)
Batting: RHB Dave Davis 0-0: Ball
1-0: Ground out 4-3 (Groundball, 4)
Tom McCain scores
Seth Varela to third
Batting: RHB Pablo Lugo 0-0: Swinging Strike
0-1: Ball
1-1: Swinging Strike
1-2: Foul Ball, location: 2F
1-2: Foul Ball, location: 2F
1-2: Ground out 4-3 (Groundball, 4)
Bottom of the 1st over - 2 run(s), 1 hit(s), 0 error(s), 1 left on base; Villa Ridge 0 - Portsmouth 2
TOP OF THE 2ND
Villa Ridge Bronchos batting - Pitching for Portsmouth Coasties : RHP Luis Oliva
Batting: RHB Jim Unknown 0-0: Foul Ball, location: 2F
0-1: Called Strike
0-2: Foul Ball, location: 2F
0-2: Foul Ball, location: 2F
0-2: Strikes out swinging
Batting: RHB Lindsay Stewart 0-0: Ball
1-0: Called Strike
1-1: Called Strike
1-2: Foul Ball, location: 2F
1-2: Ball
2-2: Strikes out swinging
Batting: SHB Felipe González 0-0: Called Strike
0-1: Ball
1-1: Ball
2-1: Called Strike
2-2: Ball
3-2: Strikes out swinging
Top of the 2nd over - 0 run(s), 0 hit(s), 0 error(s), 0 left on base; Villa Ridge 0 - Portsmouth 2
BOTTOM OF THE 2ND
Portsmouth Coasties batting - Pitching for Villa Ridge Bronchos : RHP Jim Unknown
Batting: RHB Ángel López 0-0: Ball
1-0: Ball
2-0: Ground out 1-3 (Groundball, 25)
Batting: SHB Lou Boone 0-0: Ball
1-0: Ball
2-0: Ball
3-0: Called Strike
3-1: Foul Ball, location: 2F
3-2: Ground out 6-3 (Groundball, 6)
Batting: RHB José Villegas 0-0: Swinging Strike
0-1: Fly out, F9 (Flyball, 9M)
Bottom of the 2nd over - 0 run(s), 0 hit(s), 0 error(s), 0 left on base; Villa Ridge 0 - Portsmouth 2
TOP OF THE 3RD
Villa Ridge Bronchos batting - Pitching for Portsmouth Coasties : RHP Luis Oliva
Batting: RHB Adrian Draper 0-0: Swinging Strike
0-1: Ball
1-1: Ball
2-1: Called Strike
2-2: Foul Ball, location: 2F
2-2: Hit by Pitch
Batting: RHB Salvador Martínez 0-0: Foul Ball, location: 2F
0-1: Foul Ball, location: 2F
0-2: Foul Ball, location: 2F
0-2: Ball
1-2: Ball
2-2: Foul Ball, location: 2F
2-2: Ball
3-2: Fly out, F9 (Flyball, 9M)
Batting: LHB Lonnie Austin 0-0: Ball
1-0: Ball
2-0: Grounds into double play, 6-4-3 (Groundball, 6)
Top of the 3rd over - 0 run(s), 0 hit(s), 0 error(s), 0 left on base; Villa Ridge 0 - Portsmouth 2
BOTTOM OF THE 3RD
Portsmouth Coasties batting - Pitching for Villa Ridge Bronchos : RHP Jim Unknown
Batting: RHB José Masaferro 0-0: Called Strike
0-1: Foul Ball, location: 2F
0-2: Ground out 1-3 (Groundball, 13S)
Batting: LHB Tom McCain 0-0: Ball
1-0: Ball
2-0: Called Strike
2-1: Foul Ball, location: 2F
2-2: Ground out 4-3 (Groundball, 4)
Batting: RHB Seth Varela 0-0: Ball
1-0: Ball
2-0: Swinging Strike
2-1: Swinging Strike
2-2: Foul Ball, location: 2F
2-2: SINGLE (Line Drive, 4MD)
Batting: RHB Juan Jose Díaz 0-0: Called Strike
0-1: Foul Ball, location: 2F
0-2: Ball
1-2: Ball
2-2: Strikes out swinging
Bottom of the 3rd over - 0 run(s), 1 hit(s), 0 error(s), 1 left on base; Villa Ridge 0 - Portsmouth 2
TOP OF THE 4TH
Villa Ridge Bronchos batting - Pitching for Portsmouth Coasties : RHP Luis Oliva
Batting: RHB Augusto Flores 0-0: Called Strike
0-1: Called Strike
0-2: Ball
1-2: Foul Ball, location: 2F
1-2: Ball
2-2: Ball
3-2: Base on Balls
Batting: SHB Ken Osborne 0-0: Fly out, F2 (Popup, 2L)
Batting: LHB Ray Schneider 0-0: Ball
1-0: Ball
2-0: Foul Ball, location: 2F
2-1: Ball
3-1: Base on Balls
Augusto Flores to second
Batting: RHB Jim Unknown 0-0: Called Strike
0-1: Foul Ball, location: 2F
0-2: Ball
1-2: Foul Ball, location: 2F
1-2: Fielders Choice at 2nd, 5-4 (Groundball, 5)
Augusto Flores to third
Batting: RHB Lindsay Stewart 0-0: Ball
1-0: Foul Ball, location: 2F
1-1: Ball
2-1: Foul Ball, location: 2F
2-2: Foul Ball, location: 2F
2-2: Ball
3-2: Strikes out swinging
Top of the 4th over - 0 run(s), 0 hit(s), 0 error(s), 2 left on base; Villa Ridge 0 - Portsmouth 2
BOTTOM OF THE 4TH
Portsmouth Coasties batting - Pitching for Villa Ridge Bronchos : RHP Jim Unknown
Batting: RHB Dave Davis 0-0: Fly out, F3 (Popup, 34)
Batting: RHB Pablo Lugo 0-0: Ball
1-0: Reached on error, E4 (Groundball, 4)
Batting: RHB Ángel López 0-0: Ball
1-0: Ball
2-0: Foul Ball, location: 2F
2-1: Ball
3-1: Foul Ball, location: 2F
3-2: Fly out, F7 (Flyball, 7LSF)
Batting: SHB Lou Boone 0-0: Called Strike
0-1: SINGLE (Groundball, 4MD)
Pablo Lugo to third
Runner from 3rd tries for Home, SAFE, no throw or cutoff
Batting: RHB José Villegas 0-0: Fly out, F9 (Line Drive, 9LM)
Bottom of the 4th over - 1 run(s), 1 hit(s), 1 error(s), 1 left on base; Villa Ridge 0 - Portsmouth 3
TOP OF THE 5TH
Villa Ridge Bronchos batting - Pitching for Portsmouth Coasties : RHP Luis Oliva
Batting: SHB Felipe González 0-0: Ball
1-0: Foul Ball, location: 2F
1-1: Ball
2-1: Ball
3-1: Base on Balls
Batting: RHB Adrian Draper 0-0: Foul Ball, location: 2F
0-1: Ball
1-1: Called Strike
1-2: Foul Ball, location: 2F
1-2: Ball
2-2: Ball
3-2: Strikes out looking
Batting: RHB Salvador Martínez 0-0: Ball
1-0: Fly out, F9 (Line Drive, 89S)
Batting: LHB Lonnie Austin 0-0: Called Strike
0-1: Fly out, F8 (Flyball, 8LS)
Top of the 5th over - 0 run(s), 0 hit(s), 0 error(s), 1 left on base; Villa Ridge 0 - Portsmouth 3
BOTTOM OF THE 5TH
Portsmouth Coasties batting - Pitching for Villa Ridge Bronchos : RHP Jim Unknown
Batting: RHB José Masaferro 0-0: Ball
1-0: Ball
2-0: Ball
3-0: Called Strike
3-1: Base on Balls
Batting: LHB Tom McCain 0-0: Ball
1-0: Bunted foul
1-1: Ball
2-1: Bunt missed!
2-2: Strikes out looking
Batting: RHB Seth Varela 0-0: Called Strike
José Masaferro steals 2nd base
0-1: Ball
1-1: Ball
2-1: SINGLE (Flyball, 34D)
José Masaferro to third
Runner from 3rd tries for Home, SAFE, no throw or cutoff
Batting: RHB Juan Jose Díaz 0-0: Ball
1-0: Grounds into double play, 6-4-3 (Groundball, 6)
Bottom of the 5th over - 1 run(s), 1 hit(s), 0 error(s), 0 left on base; Villa Ridge 0 - Portsmouth 4
TOP OF THE 6TH
Villa Ridge Bronchos batting - Pitching for Portsmouth Coasties : RHP Luis Oliva
Batting: RHB Augusto Flores 0-0: Ball
1-0: Called Strike
1-1: Foul Ball, location: 2F
1-2: SINGLE (Groundball, 34D)
Pitching: RHP Xavier Andrade
Batting: SHB Ken Osborne 0-0: Ball
1-0: Called Strike
1-1: SINGLE (Line Drive, 78M)
Augusto Flores to second
Batting: LHB Ray Schneider 0-0: Called Strike
0-1: Foul Ball, location: 2F
0-2: Ball
1-2: SINGLE (Line Drive, 4MD)
Augusto Flores to third
Ken Osborne to second
Batting: RHB Jim Unknown 0-0: Foul Ball, location: 2F
0-1: Fly out, F9 (Flyball, 9LM)
Runner from 3rd tags up, SCORES, throw made
Batting: RHB Lindsay Stewart 0-0: Foul Ball, location: 2F
0-1: Foul Ball, location: 2F
0-2: Ball
1-2: Fly out, F8 (Flyball, 8RM)
Batting: SHB Felipe González 0-0: Ball
1-0: Foul Ball, location: 2F
1-1: Ball
2-1: Called Strike
2-2: Foul Ball, location: 2F
2-2: Foul Ball, location: 2F
2-2: Ground out 4-3 (Groundball, 4)
Top of the 6th over - 1 run(s), 3 hit(s), 0 error(s), 2 left on base; Villa Ridge 1 - Portsmouth 4
BOTTOM OF THE 6TH
Portsmouth Coasties batting - Pitching for Villa Ridge Bronchos : RHP Jim Unknown
Batting: RHB Dave Davis 0-0: Ball
1-0: Ball
2-0: SINGLE (Line Drive, 6D)
Batting: RHB Pablo Lugo 0-0: Grounds into double play, 4-6-3 (Groundball, 4)
Batting: RHB Ángel López 0-0: Called Strike
0-1: Ball
1-1: Foul Ball, location: 2F
1-2: Ball
2-2: Ball
3-2: Strikes out swinging
Bottom of the 6th over - 0 run(s), 1 hit(s), 0 error(s), 0 left on base; Villa Ridge 1 - Portsmouth 4
TOP OF THE 7TH
Villa Ridge Bronchos batting - Pitching for Portsmouth Coasties : RHP Xavier Andrade
Batting: RHB Adrian Draper 0-0: Ball
1-0: Called Strike
1-1: DOUBLE (Flyball, 78D)
Batting: RHB Salvador Martínez 0-0: Ball
1-0: Foul Ball, location: 2F
1-1: Ball
2-1: Ball
3-1: Base on Balls
Pitching: LHP Ramón González
Batting: LHB Lonnie Austin 0-0: Called Strike
0-1: SINGLE (Line Drive, 6MD)
Adrian Draper to third
Salvador Martínez to second
Pitching: RHP Alfredo Martínez
Batting: RHB Augusto Flores 0-0: Ball
1-0: Foul Ball, location: 2F
1-1: Called Strike
1-2: Foul Ball, location: 2F
1-2: Ball
2-2: Ball
3-2: Base on Balls
Adrian Draper scores
Salvador Martínez to third
Lonnie Austin to second
Pinch Hitting: LHB Aukukero Mincarlie 0-0: Ball
1-0: Foul Ball, location: 2F
1-1: Swinging Strike
1-2: Strikes out swinging
Pinch Hitting: LHB Nari Corelli 0-0: Ball
1-0: Ball
2-0: Ball
3-0: Base on Balls
Salvador Martínez scores
Lonnie Austin to third
Augusto Flores to second
Pinch Hitting: RHB Billy Farley 0-0: Called Strike
0-1: Ball
1-1: Ball
Wild Pitch!
Lonnie Austin scores
Augusto Flores to third
Nari Corelli to second
2-1: Intentional Walk
Batting: RHB Lindsay Stewart 0-0: Ball
1-0: Called Strike
1-1: Ball
2-1: Ball
3-1: Grounds into double play, 6-4-3 (Groundball, 6)
Top of the 7th over - 3 run(s), 2 hit(s), 0 error(s), 2 left on base; Villa Ridge 4 - Portsmouth 4
BOTTOM OF THE 7TH
Portsmouth Coasties batting - Pitching for Villa Ridge Bronchos : RHP Jim Unknown
Now at 3B: Miguel Angel González
Now at SS: Nari Corelli
Now in LF: Billy Farley
Pinch Hitting: LHB Jim Unknown 0-0: Ball
1-0: SOLO HOME RUN (Line Drive, 7D), Distance : 361 ft
Batting: RHB José Villegas 0-0: Called Strike
0-1: Ball
1-1: Ground out 5-3 (Groundball, 5)
Batting: RHB José Masaferro 0-0: Ball
1-0: Called Strike
1-1: Called Strike
1-2: Strikes out swinging
Batting: LHB Tom McCain 0-0: Ball
1-0: Called Strike
1-1: Foul Ball, location: 2F
1-2: Strikes out swinging
Bottom of the 7th over - 1 run(s), 1 hit(s), 0 error(s), 0 left on base; Villa Ridge 4 - Portsmouth 5
TOP OF THE 8TH
Villa Ridge Bronchos batting - Pitching for Portsmouth Coasties : RHP Alfredo Martínez
Pitching: RHP Trevor Williamson
Now at 3B: Jim McCormick
Batting: SHB Felipe González 0-0: Foul Ball, location: 2F
0-1: Swinging Strike
0-2: Strikes out swinging
Pitching: RHP Herman Barnes
Batting: RHB Adrian Draper 0-0: Ball
1-0: Called Strike
1-1: Foul Ball, location: 2F
1-2: Ground out 6-3 (Groundball, 6M)
Batting: RHB Salvador Martínez 0-0: Swinging Strike
0-1: Foul Ball, location: 2F
0-2: Foul Ball, location: 2F
0-2: DOUBLE (Groundball, 5L)
Batting: LHB Lonnie Austin 0-0: Ball
1-0: Ball
2-0: Foul Ball, location: 2F
2-1: Ball
3-1: Called Strike
3-2: Foul Ball, location: 2F
3-2: Strikes out swinging
Top of the 8th over - 0 run(s), 1 hit(s), 0 error(s), 1 left on base; Villa Ridge 4 - Portsmouth 5
BOTTOM OF THE 8TH
Portsmouth Coasties batting - Pitching for Villa Ridge Bronchos : RHP Jim Unknown
Pitching: RHP Pat McCormick
Batting: RHB Seth Varela 0-0: Foul Ball, location: 2F
0-1: Ball
1-1: DOUBLE (Line Drive, 5L)
Batting: RHB Juan Jose Díaz 0-0: Intentional Walk
Pinch Runner at 2nd Travis Newsome:
Pinch Hitting: RHB Eduardo Morales 0-0: Ball
1-0: Ball
2-0: Ball
3-0: Called Strike
3-1: Base on Balls
Travis Newsome to third
Juan Jose Díaz to second
Batting: RHB Pablo Lugo 0-0: Called Strike
0-1: Grounds into fielders choice 6-2 (Groundball, 6M)
Juan Jose Díaz to third
Eduardo Morales to second
Batting: RHB Ángel López 0-0: Foul Ball, location: 2F
0-1: Ball
1-1: Ball
2-1: Ball
3-1: Base on Balls
Juan Jose Díaz scores
Eduardo Morales to third
Pablo Lugo to second
Pinch Hitting: RHB Jim Unknown 0-0: Ball
1-0: Fly out, F8 (Flyball, 8LD)
Runner from 3rd tags up, SCORES, no throw
Pablo Lugo to third
Pitching: LHP Greg Kelly
Batting: RHB José Villegas 0-0: Swinging Strike
0-1: Ball
1-1: Ball
2-1: Ball
Wild Pitch!
Pablo Lugo scores
Ángel López to second
3-1: Base on Balls
Batting: RHB José Masaferro 0-0: Called Strike
0-1: Swinging Strike
0-2: Ball
1-2: Foul Ball, location: 2F
1-2: Strikes out looking
Bottom of the 8th over - 3 run(s), 1 hit(s), 0 error(s), 2 left on base; Villa Ridge 4 - Portsmouth 8
TOP OF THE 9TH
Villa Ridge Bronchos batting - Pitching for Portsmouth Coasties : RHP Herman Barnes
Now at 1B: Jim Unknown
Now at 2B: Travis Newsome
Now in RF: John Gilliam
Batting: RHB Augusto Flores 0-0: Foul Ball, location: 2F
0-1: Swinging Strike
0-2: Ball
1-2: Strikes out swinging
Batting: RHB Miguel Angel González 0-0: Called Strike
0-1: Ball
1-1: Called Strike
1-2: Foul Ball, location: 2F
1-2: Strikes out looking
Batting: LHB Nari Corelli 0-0: Foul Ball, location: 2F
0-1: SINGLE (Line Drive, 9LS)
Batting: RHB Billy Farley 0-0: Ball
1-0: Called Strike
1-1: Ball
2-1: Swinging Strike
2-2: Ball
3-2: Strikes out looking
Top of the 9th over - 0 run(s), 1 hit(s), 0 error(s), 1 left on base; Villa Ridge 4 - Portsmouth 8
This league is powered by Out of the Park Baseball, the baseball management simulation game for PC, Mac and Linux
Monday, May 4th, 2015 - OOTP Baseball 15.6 Build 34